 Dungeon Sprint DCSS version 0.22.1-1-ga44c0e56f4 (webtiles) character file.

58 KleinerIrrer the Shield-Bearer (level 4, -9/28 HPs)
             Began as a Gargoyle Fighter on Nov 2, 2018.
             Splashed by an oklob sapling priest's acid (17 damage)
             ... in the Dungeon (Sprint IV: "Fedhas' Mad Dash").
             The game lasted 00:01:12 (519 turns).

KleinerIrrer the Shield-Bearer (Gargoyle Fighter)    Turns: 519, Time: 00:01:13

Health: -9/28      AC: 11    Str: 20    XL:     4   Next: 1%
Magic:  3/4        EV:  8    Int:  9    God:
Gold:   60         SH: 10    Dex:  9    Spells: 3/3 levels left

rFire    . . .     SeeInvis .   a - +0 flail
rCold    . . .     Gourm    .   c - +0 shield
rNeg     + . .     Faith    .   b - +0 scale mail
rPois    ∞         Spirit   .   (no helmet)
rElec    +         Reflect  .   (no cloak)
rCorr    .         Harm     .   (no gloves)
MR       .....     NoTele   +   (no boots)
Stlth    ..........             m - amulet of invisibility {+Inv}
HPRegen  0.09/turn              (no ring)
MPRegen  0.09/turn              (no ring)

@: very slightly contaminated, invisible
A: negative energy resistance 1, electricity resistance, unbreathing,
petrification resistance, rot immunity, AC +3
a: no special abilities


You were in the Dungeon.
You were not hungry.

You visited 1 branch You collected 60 gold pieces.

Inventory:

Hand Weapons
 a - a +0 flail (weapon)
Armour
 b - a +0 scale mail (worn)
 c - a +0 shield (worn)
Jewellery
 m - the amulet of invisibility (around neck) {+Inv}
   (You found it in the Dungeon)

   [amulet of nothing]

   It lets you turn invisible.
Scrolls
 k - a scroll of blinking
 l - a scroll of identify {unknown}
Potions
 d - a potion of might
 e - a potion of curing
 g - a potion of heal wounds
 h - a potion of haste
 i - 2 potions of magic
 j - a potion of berserk rage
Comestibles
 f - a ration


   Skills:
 - Level 3.2 Fighting
 - Level 2.0 Maces & Flails
 * Level 6.6 Armour
 * Level 6.6 Shields


You had 3 spell levels left.
You didn't know any spells.
Your spell library was empty.

Dungeon Overview and Level Annotations

Branches:
Dungeon (1/1)

Altars:
Cheibriados
Dithmenos
Elyvilon
Gozag
Hepliaklqana
Kikubaaqudgha
Makhleb
Nemelex Xobeh
Okawaru
Qazlal
Ru
Sif Muna
Trog
Uskayaw
Vehumet
Wu Jian
Xom
Yredelemnul
Zin
The Shining One
Beogh
Jiyva
Lugonu

Annotations:
D exclusion: oklob sapling


Innate Abilities, Weirdness & Mutations

You are resistant to torment.
Your stone body is resilient. (AC +3)
You are immune to poison.
You resist negative energy. (rN+)
You are resistant to electric shocks. (rElec)
You can survive without breathing.
You are immune to petrification.
You are immune to rotting.


Message History

Really walk into a travel-excluded area?
There is an open door here.
Found two altars.
Found three altars.
Found a radiant altar of Vehumet and a corrupted altar of Lugonu.
There is a burning altar of Makhleb here.
There is a sparkling altar of Nemelex Xobeh here.
You hit the oklob sapling priest but do no damage.
The oklob sapling priest spits acid at you.
The splash of acid hits you!
You are splashed with acid!
The acid burns!
Ouch! That really hurt!
* * * LOW HITPOINT WARNING * * *
You hit the oklob sapling priest.
The oklob sapling priest is lightly damaged.
You hit the oklob sapling priest.
The oklob sapling priest is moderately damaged.
The oklob sapling priest spits acid at you.
The splash of acid hits you!
You are splashed with acid!
The acid burns!
Ouch! That really hurt!
You die...

########################
....#.....#.⌠._._._._.⌠.
....'.#(..'.._._._._._..
....#.#...#..._.@P_._...
########+##.._._._._._..
#._._._._._.⌠.
##############


You could see an oklob sapling priest.

Vanquished Creatures
  An oklob sapling (D)
  A worker ant (D)
  A river rat (D)
  A rat (D)
4 creatures vanquished.

Notes
Turn   | Place    | Note
-------+----------+-------------------------------------------
     0 | D        | KleinerIrrer the Gargoyle Fighter began the quest for the
                  | Orb.
     0 | D        | Reached XP level 1. HP: 14/14 MP: 1/1
    16 | D        | Reached XP level 2. HP: 14/19 MP: 2/2
    91 | D        | Noticed an oklob sapling
    95 | D        | Killed an oklob sapling
    95 | D        | Reached skill level 5 in Armour
    95 | D        | Reached skill level 5 in Shields
    95 | D        | Reached XP level 3. HP: 23/23 MP: 3/3
    98 | D        | Found the amulet of invisibility {+Inv}
   112 | D        | Reached XP level 4. HP: 9/28 MP: 4/4
   315 | D        | Found an opulent altar of Gozag.
   315 | D        | Found a hazy altar of Hepliaklqana.
   315 | D        | Found a burning altar of Makhleb.
   315 | D        | Found a roughly hewn altar of Beogh.
   315 | D        | Found a sparkling altar of Nemelex Xobeh.
   315 | D        | Found a snail-covered altar of Cheibriados.
   315 | D        | Found a sacrificial altar of Ru.
   315 | D        | Found a deep blue altar of Sif Muna.
   315 | D        | Found a shimmering altar of Xom.
   315 | D        | Found a basalt altar of Yredelemnul.
   316 | D        | Found a viscous altar of Jiyva.
   316 | D        | Found a bloodstained altar of Trog.
   316 | D        | Found an ornate altar of the Wu Jian Council.
   316 | D        | Noticed an oklob sapling priest
   317 | D        | Found an iron altar of Okawaru.
   317 | D        | Found a shadowy altar of Dithmenos.
   317 | D        | Found a glowing silver altar of Zin.
   512 | D        | Found an ancient bone altar of Kikubaaqudgha.
   512 | D        | Found a hide-covered altar of Uskayaw.
   513 | D        | Found a stormy altar of Qazlal.
   513 | D        | Found a glowing golden altar of the Shining One.
   513 | D        | Found a white marble altar of Elyvilon.
   514 | D        | Found a radiant altar of Vehumet.
   514 | D        | Found a corrupted altar of Lugonu.
   519 | D        | Splashed by an oklob sapling priest's acid

Skill      XL: |  1  2  3 |
---------------+----------+-----
Armour         | 4 5 6 |  6.6
Shields        | 4 5 6 |  6.6
Fighting       | |  3.2
Maces & Flails | |  2.0

Action                   |  1- 3 |  4- 6 || total
-------------------------+-------+-------++-------
Melee: Flail             |    29 |     3 ||    32
 Abil: Evoke Invisibilit |       |     1 ||     1
Armor: Scale mail        |    12 |     1 ||    13
Dodge: Dodged            |     8 |       ||     8
Block: Shield            |    12 |       ||    12
